 Dungeon Crawl Stone Soup version 0.21-a0-521-g1cd18d1 (webtiles) character file.

53 Gerstahl the Insei (level 3, 0/28 HPs)
             Began as a Demonspawn Transmuter on Dec 5, 2017.
             Slain by Jessica
             ... wielding a +1 dagger of freezing
              (1 damage)
             ... on level 2 of the Dungeon.
             The game lasted 00:03:43 (2491 turns).

Gerstahl the Insei (Demonspawn Transmuter)          Turns: 2491, Time: 00:03:44

Health: 0/28       AC:  3    Str: 11    XL:     3   Next: 64%
Magic:  6/6        EV: 12    Int: 14    God:
Gold:   93         SH:  0    Dex: 13    Spells: 5/6 levels left

rFire    . . .     SeeInvis .     - Unarmed
rCold    + . .     Gourm    .   (no shield)
rNeg     . . .     Faith    .   i - +0 leather armour
rPois    .         Spirit   .   (no helmet)
rElec    .         Reflect  .   (no cloak)
rCorr    .         Harm     .   (no gloves)
MR       .....                  (no boots)
Stlth    +.........             (no amulet)
HPRegen  0.09/turn              (no ring)
MPRegen  0.10/turn              (no ring)

@: no status effects
A: cold resistance 1, demonic guardian 1
a: no special abilities


You were on level 2 of the Dungeon.
You were not hungry.

You visited 1 branch of the dungeon, and saw 2 of its levels.

You collected 93 gold pieces.

Inventory:

Missiles
 a - 12 arrows
Armour
 b - a +0 robe
 i - a +0 leather armour (worn)
 m - a +2 buckler
Jewellery
 q - an uncursed ring of stealth {unknown}
Wands
 e - a wand of disintegration (8)
Scrolls
 g - a scroll of fear {unknown}
 h - 2 scrolls of identify {unknown}
 j - 2 scrolls of remove curse {unknown}
 k - 4 scrolls of teleportation {unknown}
 o - a scroll of immolation {unknown}
Potions
 l - a potion of curing
 n - a potion of lignification {unknown}
 p - a potion of flight
Books
 c - a book of Changes

   Spells                             Type                      Level
   a - Beastly Appendage              Transmutation                1
   b - Sticks to Snakes               Transmutation                2
   c - Spider Form                    Transmutation/Poison         3
   d - Ice Form                       Ice/Transmutation            4
   e - Blade Hands                    Transmutation                5
Comestibles
 d - a bread ration
 f - 4 fruits
 r - a royal jelly


   Skills:
 + Level 2.5 Fighting
 - Level 1.7 Dodging
 + Level 3.5 Unarmed Combat
 - Level 2.0 Spellcasting
 - Level 1.7 Transmutations


You had 5 spell levels left.
You knew the following spells:

 Your Spells              Type           Power        Failure   Level  Hunger
a - Beastly Appendage     Tmut           #.....       16%         1    ##.....


Dungeon Overview and Level Annotations

Branches:
Dungeon (2/15)

Altars:
Nemelex Xobeh

Annotations:
D:2 Jessica


Innate Abilities, Weirdness & Mutations

Your flesh is cold resistant. (rC+)
A weak demonic guardian rushes to your aid.


Message History

You hear some strange, mumbled words.
Something hits you. Something freezes you.
Unknown command.
Casting: Beastly Appendage
Confirm with . or Enter, or press ? or * to list all spells.
You don't know that spell.
You hear some strange, mumbled words.
Pain shoots through your body!
There is a sparkling altar of Nemelex Xobeh here.
Something hits you but does no damage. Something hits you but does no damage.
You hear some strange, mumbled words.
Something tries to affect you, but you resist.
You miss something. Something hits you but does no damage. Something hits you.
You completely miss something.
You hear some strange, mumbled words.
Pain shoots through your body!
* * * LOW HITPOINT WARNING * * *
You barely miss something. Something hits you.
You die...

...# #..... #.. #.....
##.
#.....#################.
+.....+.................
#.....######.......#####
#.........#........# #
#####..##...##.....#####
#..####.####....##...
#.##@.#'#..##...##... #.
#.......##...##... #
##.._..##..####...
##...## #....... ##.##
#....... ### #.......
#....... #.......
.........


There were no monsters in sight!

Vanquished Creatures
  2 adders (D:2)
  A worm (D:2)
  2 dart slugs (D:1)
  2 leopard geckos (D:1)
  A giant cockroach (D:1)
  3 goblins
  3 hobgoblins (D:1)
  2 ball pythons (D:1)
  3 bats
  A frilled lizard (D:1)
  4 kobolds (D:1)
  3 rats (D:1)
27 creatures vanquished.

Notes
Turn   | Place    | Note
-------+----------+-------------------------------------------
     0 | D:1      | Gerstahl the Demonspawn Transmuter began the quest for the Orb.
     0 | D:1      | Reached XP level 1. HP: 15/15 MP: 3/3
   479 | D:1      | Reached skill level 3 in Unarmed Combat
   479 | D:1      | Gained mutation: Your flesh is cold resistant. (rC+) [demonic ancestry]
   479 | D:1      | Reached XP level 2. HP: 18/21 MP: 3/5
  1634 | D:2      | Gained mutation: A weak demonic guardian rushes to your aid. [demonic ancestry]
  1634 | D:2      | Reached XP level 3. HP: 19/27 MP: 4/6
  2462 | D:2      | Found a sparkling altar of Nemelex Xobeh.
  2462 | D:2      | Noticed Jessica
  2490 | D:2      | HP: 1/28 [something/nerve-wracking pain (12)]
  2491 | D:2      | Slain by Jessica

Vault maps used:
D:1:      dpeg_arrival_castle
D:2:      nemelex_lonely_heart_becter

Skill      XL: |  1  2 |
---------------+-------+-----
Unarmed Combat | 3 |  3.5
Fighting       | 2 |  2.5
Dodging        | |  1.7
Spellcasting   | |  2.0
Transmutations | |  1.7

Action                   || total
-------------------------++-------
Melee: Unarmed           ||   119
       Headbutt          ||     3
       Kick              ||     5
 Cast: Beastly Appendage ||    11
  Use: Potion            ||     3
  Eat: Chunk             ||     5
Armor: Robe              ||     6
       Leather armour    ||    21
Dodge: Dodged            ||    81

Table legend:
 A = Spawn XP
 B = Non-spawn XP
 C = Spawn XP percentage of total XP
 D = Spawn monster count
 E = Non-spawn monster count
 F = Spawn count percentage of total count
 G = Total turns spent on level
                    A         B        C        D         E        F      G
               +---------+---------+-------+---------+---------+-------+---------
         Total |       0 |      77 |   0.0 |       0 |      27 |   0.0 |  2491
               +---------+---------+-------+---------+---------+-------+---------
           D:1 |       0 |      39 |   0.0 |       0 |      21 |   0.0 |  1610
           D:2 |       0 |      38 |   0.0 |       0 |       6 |   0.0 |   881
               +---------+---------+-------+---------+---------+-------+---------
